[Event "Titled Tuesday Blitz October 25 Late 2022"]
[White "Curtis, John"]
[Black "chess50years"]
[WhiteFideId "3200256"]
[WhiteElo "2203"]
[BlackElo "1531"]
[Result "1-0"]
[Round "05"]
[TimeControl "180+1"]
[Date "2022.10.26"]
[WhiteClock "0:01:44"]
[BlackClock "0:01:06"]

1. e4 c6 2. d3 e5 3. Nd2 Bc5 4. c3 d6 5. b4 Bb6 6. Nc4 Bc7 7. f4 b5 8. Nb2 Nf6 9. Nf3 Nbd7 10. a4 bxa4 11. Qxa4 Bb7 12. fxe5 dxe5 13. Nc4 O-O 14. Be2 Nb6 15. Qa2 Nxc4 16. Qxc4 Qe7 17. Be3 Bb6 18. Bc5 Bxc5 19. Qxc5 Qxc5 20. bxc5 Nd7 21. d4 exd4 22. cxd4 Nf6 23. e5 Nd5 24. Kf2 a5 25. Bc4 Rfd8 26. Rhb1 Ba6 27. Bxd5 Rxd5 28. Rxa5 Bb5 29. Rxa8+ 1-0


[Site "https://www.chess.com"]

[Event "Titled Tuesday Blitz October 25 Late 2022"]
[White "Czernek, Tymon"]
[Black "Mendez Fortes, Eduardo Jesus"]
[WhiteFideId "1199510"]
[BlackFideId "3502376"]
[WhiteElo "2240"]
[BlackElo "2307"]
[Result "0-1"]
[Round "05"]
[TimeControl "180+1"]
[Date "2022.10.26"]
[WhiteClock "0:00:23"]
[BlackClock "0:00:13"]

1. e4 e5 2. Nf3 Nc6 3. Bc4 Nf6 4. d3 Bc5 5. O-O d6 6. c3 Bb6 7. Bb3 O-O 8. h3 Ne7 9. Re1 Ng6 10. Nbd2 c6 11. Nf1 Re8 12. Be3 Bc7 13. Ng3 d5 14. Qc1 Be6 15. Bg5 h6 16. Be3 Bd6 17. Qc2 c5 18. exd5 Nxd5 19. Ne4 b6 20. Nxd6 Qxd6 21. Rad1 f5 22. d4 Nxe3 23. Rxe3 cxd4 24. cxd4 e4 25. d5 Bd7 26. Nd4 Rac8 27. Qe2 Nf4 28. Qd2 Kh8 29. Rg3 g5 30. h4 Qf6 31. hxg5 hxg5 32. Ne6 Bxe6 33. dxe6 Red8 34. Qe3 Rxd1+ 35. Bxd1 Rd8 36. Bc2 Rg8 37. Bb3 Rg7 38. Qc3 Ne2+ 39. Kf1 Nxc3 40. Rxc3 Re7 41. Rc8+ Kg7 42. g3 f4 43. Kg2 f3+ 44. Kf1 Qxb2 0-1


[Site "https://www.chess.com"]

[Event "Titled Tuesday Blitz October 25 Late 2022"]
[White "D`Arruda, Ricardo D."]
[Black "Gonzalez, Francisco Silva"]
[WhiteFideId "100692"]
[BlackFideId "1512285"]
[WhiteElo "2448"]
[BlackElo "2159"]
[Result "1/2-1/2"]
[Round "05"]
[TimeControl "180+1"]
[Date "2022.10.26"]
[WhiteClock "0:00:25"]
[BlackClock "0:00:22"]

1. d4 Nf6 2. Nf3 d5 3. c4 e6 4. Nc3 a6 5. cxd5 exd5 6. Bf4 Bd6 7. Bxd6 Qxd6 8. e3 O-O 9. Bd3 Bg4 10. h3 Bxf3 11. Qxf3 Nbd7 12. O-O Rfe8 13. Rfd1 c6 14. Rac1 Qe7 15. a3 Nf8 16. b4 Ng6 17. Rb1 Ne4 18. Bxe4 dxe4 19. Qh5 Rf8 20. Qf5 Rae8 21. a4 Nh4 22. Qc5 f5 23. Qxe7 Rxe7 24. b5 cxb5 25. axb5 a5 26. b6 Rc8 27. Nd5 Rd7 28. Rb5 a4 29. Ra1 Rc4 30. Ra5 Kf7 31. Nc7 Rd6 32. Rb5 g6 33. Kh2 Rc2 34. Kg3 g5 35. Rxa4 Rc1 36. Kh2 Rc2 37. Kg3 Rc1 38. Kh2 Rc2 39. Kg3 1/2-1/2


[Site "https://www.chess.com"]

[Event "Titled Tuesday Blitz October 25 Late 2022"]
[White "Danielyan, Vahe"]
[Black "Li, Ben"]
[WhiteFideId "13304828"]
[BlackFideId "2089980"]
[WhiteElo "2421"]
[BlackElo "2267"]
[Result "1-0"]
[Round "05"]
[TimeControl "180+1"]
[Date "2022.10.26"]
[WhiteClock "0:01:23"]
[BlackClock "0:00:28"]

1. e4 e5 2. Nf3 Nc6 3. Nc3 Nf6 4. Bb5 Bb4 5. O-O O-O 6. d3 d6 7. Bg5 Bxc3 8. bxc3 Bd7 9. Re1 a6 10. Ba4 h6 11. Bh4 Ne7 12. Bxd7 Nxd7 13. d4 f6 14. Rb1 b6 15. Qd3 Ng6 16. Bg3 Re8 17. Qc4+ Kh7 18. Qc6 Ne7 19. Qc4 b5 20. Qd3 Nb6 21. Nd2 c5 22. d5 c4 23. Qe3 Ng6 24. h4 Na4 25. h5 Ne7 26. Nf3 Nc5 27. Nh4 Qd7 28. f4 exf4 29. Qxf4 Rad8 30. Rbd1 Rf8 31. Nf5 Nxf5 32. exf5 Rfe8 33. Re6 Nxe6 34. fxe6 Qe7 35. Qf5+ Kh8 36. Rd4 Rb8 37. Rg4 Rg8 38. Bf4 b4 39. Rg6 Qf8 40. Bxh6 gxh6 41. e7 Qxe7 42. Rxh6+ Kg7 43. Rh7+ Kf8 44. Rxe7 Kxe7 45. Qe6+ Kf8 46. Qxf6+ Ke8 47. Qe6+ Kf8 48. Qxd6+ Kg7 49. Qg6+ Kf8 50. Qf6+ Ke8 51. d6 Rb7 52. Qe6+ Kf8 53. Qc8+ 1-0


[Site "https://www.chess.com"]

[Event "Titled Tuesday Blitz October 25 Late 2022"]
[White "Dauw, Sterre"]
[Black "Boyer, Mahel"]
[WhiteFideId "248886"]
[BlackFideId "45102422"]
[WhiteElo "2187"]
[BlackElo "2454"]
[Result "1-0"]
[Round "05"]
[TimeControl "180+1"]
[Date "2022.10.26"]
[WhiteClock "0:00:19"]
[BlackClock "0:00:02"]

1. e4 e5 2. Nc3 Nc6 3. Bc4 g6 4. Nf3 Bg7 5. h4 h6 6. h5 g5 7. d3 Nge7 8. g4 Na5 9. Bb3 Nxb3 10. axb3 d5 11. Nh2 d4 12. Ne2 Nc6 13. f3 a5 14. Nf1 Be6 15. Neg3 Bf8 16. Kf2 b5 17. Nf5 Bc5 18. N1g3 Kf8 19. Kg2 f6 20. Qe2 Kf7 21. Bd2 a4 22. bxa4 bxa4 23. Raf1 Qd7 24. Rf2 Rab8 25. Bc1 Nb4 26. Rhf1 Rb7 27. f4 gxf4 28. Bxf4 exf4 29. Rxf4 Rb6 30. Nh4 Ke8 31. Ng6 Rg8 32. Nf5 Kd8 33. Nxh6 Re8 34. Rxf6 Nd5 35. R6f2 Ne3+ 36. Kh3 Nxf1 37. Rxf1 Rxb2 38. Kh4 Be7+ 39. g5 a3 40. Nf5 Bxf5 41. exf5 Bxg5+ 42. Kxg5 Rxe2 43. h6 Rg2+ 44. Kf6 Rbxc2 45. h7 Qd6+ 46. Kg7 Qd7+ 47. Kg8 Qe8+ 48. Kg7 Rh2 49. f6 Rcg2 50. f7 Rxg6+ 51. Kxg6 Qe6+ 52. Kg7 Qg4+ 53. Kh8 Rh6 54. f8=Q+ Kd7 55. Qxh6 Kc8 56. Qg7 Qe2 57. Qg8+ Kb7 58. Qb3+ Kc6 59. Rf6+ Kd7 60. Rf7+ Ke8 61. Rg7 Qe5 62. Qf7+ Kd8 63. Qd7# 1-0


[Site "https://www.chess.com"]

[Event "Titled Tuesday Blitz October 25 Late 2022"]
[White "Djokic, Mihailo"]
[Black "Dzierzak, Radoslaw"]
[WhiteFideId "976440"]
[BlackFideId "1161407"]
[WhiteElo "2315"]
[BlackElo "2111"]
[Result "1-0"]
[Round "05"]
[TimeControl "180+1"]
[Date "2022.10.26"]
[WhiteClock "0:01:29"]
[BlackClock "0:00:19"]

1. e4 c6 2. d4 d5 3. e5 c5 4. dxc5 Nc6 5. Nf3 Bg4 6. c3 e6 7. Bb5 Bxc5 8. Bxc6+ bxc6 9. Qa4 Qb6 10. Qxg4 Bxf2+ 11. Ke2 Ne7 12. Rf1 Bc5 13. b4 Qa6+ 14. Ke1 Bb6 15. a4 Qd3 16. a5 Bc7 17. Qd4 Qg6 18. g3 Nf5 19. Qd3 f6 20. exf6 gxf6 21. Nd4 Nxd4 22. Qxd4 e5 23. Qf2 O-O 24. Qf5 Qg7 25. Nd2 e4 26. Nb3 Rae8 27. Nd4 Re5 28. Qh3 e3 29. Ne6 Qg6 30. Nxf8 Kxf8 31. Qc8+ Re8 32. Qxc7 e2 33. Rf2 Re7 34. Qxc6 Qc2 35. Qxf6+ Ke8 36. Qxe7+ Kxe7 37. Rxe2+ 1-0


[Site "https://www.chess.com"]

[Event "Titled Tuesday Blitz October 25 Late 2022"]
[White "Djordjevic, Dejan N"]
[Black "Rosenberg, Evan S"]
[WhiteFideId "913316"]
[BlackFideId "2019299"]
[WhiteElo "2262"]
[BlackElo "2365"]
[Result "0-1"]
[Round "05"]
[TimeControl "180+1"]
[Date "2022.10.26"]
[WhiteClock "0:00:11"]
[BlackClock "0:00:37"]

1. e4 e5 2. Nf3 Nc6 3. Bc4 Nf6 4. d3 Bc5 5. O-O d6 6. Re1 h6 7. c3 a5 8. a4 Be6 9. Bb5 O-O 10. d4 exd4 11. cxd4 Bb4 12. d5 Bxe1 13. dxe6 Bxf2+ 14. Kxf2 Nxe4+ 15. Kg1 fxe6 16. Nc3 Nxc3 17. bxc3 Qf6 18. Bd2 Ne5 19. Be2 Nxf3+ 20. Bxf3 d5 21. Rb1 b6 22. Qe2 Qg6 23. Rc1 Rf6 24. Be3 Raf8 25. Kh1 Qf5 26. Bd4 Rg6 27. Re1 c5 28. Be5 Qg5 29. h3 Qh4 30. Bc7 Rf7 31. Bxb6 Rxf3 32. Qxf3 Qxe1+ 33. Kh2 Qe5+ 34. Kh1 Rf6 0-1


[Site "https://www.chess.com"]

[Event "Titled Tuesday Blitz October 25 Late 2022"]
[White "Djordjevic, Vuk"]
[Black "Leenhouts, Koen"]
[WhiteFideId "902098"]
[BlackFideId "1008439"]
[WhiteElo "2456"]
[BlackElo "2409"]
[Result "1-0"]
[Round "05"]
[TimeControl "180+1"]
[Date "2022.10.26"]
[WhiteClock "0:00:19"]
[BlackClock "0:00:03"]

1. d4 Nf6 2. Bg5 d5 3. Bxf6 exf6 4. e3 Bd6 5. c4 dxc4 6. Bxc4 O-O 7. Nc3 c6 8. Nf3 Qe7 9. O-O Nd7 10. a3 f5 11. Re1 Nf6 12. Qc2 Ne4 13. g3 Bd7 14. Nd2 Ng5 15. Bf1 Rae8 16. Bg2 h5 17. h4 Nh7 18. d5 Nf6 19. dxc6 bxc6 20. Nc4 Bb8 21. Rad1 Ng4 22. Ne2 Be6 23. Bxc6 Rc8 24. Nd4 Bxc4 25. Qxc4 Qe5 26. Qd5 Rfd8 27. Qxe5 Bxe5 28. Nxf5 Kf8 29. b4 Bb2 30. a4 g6 31. Rxd8+ Rxd8 32. Nd4 Bxd4 33. exd4 Rxd4 34. Re4 Rd1+ 35. Kg2 Rd2 36. Rf4 f5 37. b5 Ne3+ 38. Kg1 Rd1+ 39. Kh2 Rd2 40. a5 Nd1 41. b6 axb6 42. a6 Ra2 43. Ra4 Rxa4 44. Bxa4 Nxf2 45. a7 Ng4+ 46. Kg1 1-0


[Site "https://www.chess.com"]

[Event "Titled Tuesday Blitz October 25 Late 2022"]
[White "Erenberg, Ariel"]
[Black "Paravyan, David"]
[WhiteFideId "2811634"]
[BlackFideId "4194985"]
[WhiteElo "2416"]
[BlackElo "2555"]
[Result "0-1"]
[Round "05"]
[TimeControl "180+1"]
[Date "2022.10.26"]
[WhiteClock "0:00:11"]
[BlackClock "0:01:20"]

1. d4 Nf6 2. c4 g6 3. Nc3 d5 4. cxd5 Nxd5 5. e4 Nxc3 6. bxc3 Bg7 7. Nf3 c5 8. Bb5+ Nc6 9. O-O O-O 10. d5 Bxc3 11. Bh6 Nd4 12. Nxd4 Bxd4 13. Rc1 a6 14. Ba4 b5 15. Bxf8 Qxf8 16. Bc2 Qg7 17. Kh1 e6 18. f4 exd5 19. exd5 Bb7 20. Be4 Rd8 21. Re1 Qh6 22. Qf3 f5 23. Bc2 Bxd5 24. Bb3 c4 25. Re8+ Kf7 26. Rxd8 Bxf3 27. Rxd4 Be4 28. Bc2 Qxf4 29. Rcd1 Ke6 30. Bxe4 fxe4 31. Rd8 c3 32. Re8+ Kf7 33. Rc8 b4 34. h3 e3 35. Rdd8 Qf1+ 36. Kh2 e2 37. Rf8+ Kg7 0-1


[Site "https://www.chess.com"]

[Event "Titled Tuesday Blitz October 25 Late 2022"]
[White "Estrada Nieto, Julian"]
[Black "Tomiello, Lucas Costamilan"]
[WhiteFideId "5101018"]
[BlackFideId "22701940"]
[WhiteElo "2252"]
[BlackElo "2085"]
[Result "1-0"]
[Round "05"]
[TimeControl "180+1"]
[Date "2022.10.26"]
[WhiteClock "0:01:04"]
[BlackClock "0:00:21"]

1. e4 c5 2. Nf3 d6 3. d4 cxd4 4. Qxd4 Nc6 5. Bb5 a6 6. Bxc6+ bxc6 7. c4 c5 8. Qd3 Bb7 9. O-O Nf6 10. Nc3 e6 11. Bg5 Be7 12. Rad1 Qc7 13. Rfe1 O-O-O 14. a3 h6 15. Bh4 g5 16. Bg3 Nh5 17. b4 Nxg3 18. hxg3 h5 19. Rb1 g4 20. Nd2 h4 21. Na4 hxg3 22. Qxg3 Bh4 23. Qe3 Be7 24. Nb3 Rh5 25. bxc5 dxc5 26. Kf1 Rh2 27. Nbxc5 Bc6 28. Nb6+ Qxb6 29. Rxb6 1-0


[Site "https://www.chess.com"]

[Event "Titled Tuesday Blitz October 25 Late 2022"]
[White "Ezat, Mohamed"]
[Black "Roman, Rodrigo"]
[WhiteFideId "10600906"]
[BlackFideId "3701220"]
[WhiteElo "2386"]
[BlackElo "2001"]
[Result "0-1"]
[Round "05"]
[TimeControl "180+1"]
[Date "2022.10.26"]
[WhiteClock "0:01:13"]
[BlackClock "0:01:32"]

1. c4 c5 2. Nc3 Nc6 3. e3 Nf6 4. d4 cxd4 5. exd4 d5 6. Nf3 Bg4 7. Be2 e6 8. O-O dxc4 9. Bxc4 Be7 10. d5 exd5 11. Nxd5 O-O 12. Nxe7+ Qxe7 13. h3 Rfd8 14. Qb3 Na5 15. Bxf7+ Qxf7 16. Qxf7+ Kxf7 17. Ne5+ Ke6 18. Nxg4 Nxg4 19. hxg4 Rd4 20. Re1+ Kf7 21. f3 Rd3 22. b3 Rad8 23. Be3 b6 24. Rac1 R8d7 25. Bf4 R3d4 26. Be3 Rd3 27. Kf2 Nb7 28. Ke2 R3d5 29. Red1 Rxd1 30. Rxd1 Re7 31. Kf2 Rc7 32. Bf4 Re7 33. Rc1 Nc5 34. Bd6 Nd3+ 35. Kf1 Nxc1 36. Bxe7 Kxe7 37. Ke1 Nxa2 38. Kd2 Nb4 39. Kc3 Nc6 40. Kc4 Kd6 41. f4 a6 42. g5 b5+ 43. Kd3 g6 44. g4 Kd5 45. Ke3 Ne7 46. Kd3 a5 47. Kc3 b4+ 48. Kd3 Nc6 49. Ke3 Nd4 50. f5 gxf5 51. gxf5 Nxf5+ 52. Kf4 Nd4 53. Kg4 Ke6 54. Kh5 Kf5 55. Kh6 Nxb3 56. Kh5 a4 57. Kh6 a3 58. Kxh7 Kxg5 0-1


[Site "https://www.chess.com"]

[Event "Titled Tuesday Blitz October 25 Late 2022"]
[White "Faizrakhmanov, Ramil"]
[Black "Grot, Blazej"]
[WhiteFideId "24103209"]
[BlackFideId "21835845"]
[WhiteElo "2421"]
[BlackElo "1739"]
[Result "1-0"]
[Round "05"]
[TimeControl "180+1"]
[Date "2022.10.26"]
[WhiteClock "0:00:11"]
[BlackClock "0:00:03"]

1. d4 d5 2. c4 c6 3. Nc3 Nf6 4. e3 Bf5 5. cxd5 cxd5 6. Qb3 Bc8 7. Nf3 Nc6 8. Ne5 e6 9. f4 Bd6 10. Bd3 O-O 11. O-O Bd7 12. Bd2 Rc8 13. Rfc1 Na5 14. Qd1 Nc4 15. Nxc4 dxc4 16. Bc2 b5 17. a3 a5 18. Na2 Nd5 19. e4 Nxf4 20. e5 Qg5 21. Bxf4 Qxf4 22. exd6 Qxd6 23. Nc3 Bc6 24. Ne4 Bxe4 25. Bxe4 Rfd8 26. Bf3 Qxd4+ 27. Qxd4 Rxd4 28. Rc2 e5 29. Rac1 b4 30. axb4 axb4 31. Be2 c3 32. bxc3 Rxc3 33. Rxc3 bxc3 34. Rxc3 f6 35. Rc7 h6 36. Kf2 Rf4+ 37. Ke3 Rb4 38. Bc4+ Kh8 39. Bd3 Kg8 40. Bg6 Rb8 41. g4 Rb3+ 42. Ke4 Rb8 43. h4 Kf8 44. Kf5 Rb4 45. Rf7+ Kg8 46. Re7 Rb8 47. Re8+ Rxe8 48. Bxe8 Kf8 49. Bc6 Ke7 50. Kg6 Kf8 51. Bd5 e4 52. Bxe4 Kg8 53. Bd5+ Kh8 54. h5 f5 55. Kxf5 Kh7 56. Kf4 Kh8 57. Be4 Kg8 58. Ke5 Kh8 59. Ke6 Kg8 60. Ke7 Kh8 61. Kf8 g5 62. hxg6 h5 63. g7# 1-0


[Site "https://www.chess.com"]

[Event "Titled Tuesday Blitz October 25 Late 2022"]
[White "Fajdetic, Hrvoje"]
[Black "Ljukin, Sergei"]
[WhiteFideId "14501945"]
[BlackFideId "14102200"]
[WhiteElo "2172"]
[BlackElo "2312"]
[Result "1-0"]
[Round "05"]
[TimeControl "180+1"]
[Date "2022.10.26"]
[WhiteClock "0:00:03"]
[BlackClock "0:00:01"]

1. b3 e5 2. Bb2 Nc6 3. g3 Nf6 4. Bg2 d5 5. d3 Bg4 6. Nd2 Qd7 7. h3 Be6 8. e4 h6 9. Ne2 Bc5 10. f4 exf4 11. Nxf4 dxe4 12. Nxe4 Nxe4 13. Bxe4 O-O-O 14. Nxe6 Qxe6 15. Qf3 Nd4 16. Bxd4 Bxd4 17. O-O-O Qa6 18. a4 Rhf8 19. Qf5+ Kb8 20. Qb5 Qxb5 21. axb5 f5 22. Bf3 Bf2 23. g4 f4 24. c3 Rfe8 25. Rhf1 Bg3 26. Be4 Re5 27. c4 g5 28. Kc2 b6 29. Ra1 Kc8 30. Rxa7 Kd7 31. b4 Kd6 32. Kc3 Re7 33. Bf5 Re3 34. Rc1 f3 35. c5+ bxc5 36. bxc5+ Ke5 37. Be4 f2 38. Rf1 Re1 39. Bg2 Rd5 40. d4+ Rxd4 41. Rxc7 Rdd1 42. Re7+ Kf6 43. Rexe1 Rxe1 44. b6 Be5+ 45. Kc4 Bg3 46. c6 Rc1+ 47. Kb5 Ke7 48. c7 Kd7 49. Ka6 1-0


[Site "https://www.chess.com"]

[Event "Titled Tuesday Blitz October 25 Late 2022"]
[White "Fernandez Siles, Luis"]
[Black "Koutlas, Nikolaos"]
[WhiteFideId "2209420"]
[BlackFideId "25827138"]
[WhiteElo "2186"]
[BlackElo "2167"]
[Result "1/2-1/2"]
[Round "05"]
[TimeControl "180+1"]
[Date "2022.10.26"]
[WhiteClock "0:01:25"]
[BlackClock "0:01:42"]

1. e4 e6 2. d4 d5 3. Nd2 c5 4. c3 cxd4 5. cxd4 Nc6 6. Ngf3 dxe4 7. Nxe4 Nf6 8. Nc3 Be7 9. Bd3 O-O 10. O-O b6 11. Re1 Bb7 12. a3 Rc8 13. Bc2 Na5 14. Ne5 Nc4 15. Bg5 Nxb2 16. Qd2 h6 17. Bxh6 gxh6 18. Qxh6 Rxc3 19. Qg5+ Kh8 20. Qh6+ Kg8 21. Qg5+ Kh8 22. Qh6+ Kg8 1/2-1/2


[Site "https://www.chess.com"]

[Event "Titled Tuesday Blitz October 25 Late 2022"]
[White "Firouzja, Alireza"]
[Black "Piesik, Piotr"]
[WhiteFideId "12573981"]
[BlackFideId "1136194"]
[WhiteElo "2903"]
[BlackElo "2323"]
[Result "1-0"]
[Round "05"]
[TimeControl "180+1"]
[Date "2022.10.26"]
[WhiteClock "0:01:33"]
[BlackClock "0:00:13"]

1. d4 Nf6 2. c4 c5 3. d5 b5 4. cxb5 a6 5. e3 e6 6. Nc3 Bb7 7. e4 exd5 8. exd5 Bd6 9. Nf3 O-O 10. Be2 axb5 11. Nxb5 Qb6 12. O-O Nxd5 13. Nxd6 Qxd6 14. b3 Qg6 15. Bd3 Qh5 16. Re1 Nb4 17. Be4 Bxe4 18. Rxe4 d5 19. Rh4 Qg6 20. Bd2 Nc2 21. Rc1 Rxa2 22. h3 Nc6 23. Rg4 Qd3 24. Rxg7+ Kh8 25. Bh6 Qxd1+ 26. Rxd1 N2d4 27. Ng5 Nf5 28. Rxh7+ Kg8 29. Bxf8 f6 30. Rc7 1-0


[Site "https://www.chess.com"]

[Event "Titled Tuesday Blitz October 25 Late 2022"]
[White "Floresvillar Gonzalez, Luis Migu"]
[Black "Yanayt, Eugene"]
[WhiteFideId "5100542"]
[BlackFideId "2020165"]
[WhiteElo "2040"]
[BlackElo "2046"]
[Result "0-1"]
[Round "05"]
[TimeControl "180+1"]
[Date "2022.10.26"]
[WhiteClock "0:00:07"]
[BlackClock "0:00:07"]

1. e4 c5 2. Nf3 d6 3. d4 cxd4 4. c3 d3 5. Bxd3 g6 6. O-O Bg7 7. Nbd2 Nf6 8. e5 Nd5 9. exd6 Qxd6 10. Ne4 Qd8 11. Qe2 O-O 12. Rd1 Qc7 13. Bg5 Nf4 14. Bxf4 Qxf4 15. g3 Qc7 16. Kg2 Nc6 17. Re1 Bg4 18. h3 Bxf3+ 19. Qxf3 Ne5 20. Qf4 Bh6 21. Qxh6 Qc6 22. Bc2 f5 23. Bb3+ Kh8 24. Rad1 fxe4 25. Bd5 Qf6 26. Qe3 Nd3 27. Re2 Rad8 28. c4 Ne5 29. Qxe4 Nf3 30. Qxf3 Qxf3+ 31. Bxf3 Rxd1 32. Rxe7 Rd2 33. Rxb7 Rd3 34. Bd5 Rd2 35. Bf3 Rd3 36. Bd5 Rd2 37. Rf7 Rxf7 38. Bxf7 Rxb2 39. a4 Rb4 40. a5 Ra4 41. c5 Rxa5 42. c6 Rc5 43. Be8 Kg7 44. f4 Kf8 45. Bd7 a5 46. Kf3 a4 47. Ke4 a3 48. Be6 Rxc6 49. Bd5 Rc2 50. Kd3 a2 51. Kxc2 a1=Q 52. Kd3 Qa3+ 53. Ke4 Qxg3 54. h4 Qxh4 55. Ke5 Qe7+ 56. Be6 Kg7 57. f5 gxf5 58. Kxf5 Qf6+ 59. Kg4 Qxe6+ 60. Kh5 Qh3+ 61. Kg5 Qg3+ 62. Kh5 Qg1 63. Kh4 Kf6 64. Kh3 Kf5 0-1


[Site "https://www.chess.com"]

[Event "Titled Tuesday Blitz October 25 Late 2022"]
[White "Forgacs, Attila Jr."]
[Black "Polster, Christian"]
[WhiteFideId "773654"]
[BlackFideId "12965081"]
[WhiteElo "2168"]
[BlackElo "2209"]
[Result "0-1"]
[Round "05"]
[TimeControl "180+1"]
[Date "2022.10.26"]
[WhiteClock "0:00:12"]
[BlackClock "0:00:08"]

1. e4 c6 2. d4 d5 3. e5 Bf5 4. h4 h5 5. Bd3 Bxd3 6. Qxd3 e6 7. Bg5 Qb6 8. Nd2 c5 9. c4 Qxb2 10. Rd1 Qxd4 11. Qc2 Qxe5+ 12. Ne2 d4 13. Rb1 Qc7 14. Bf4 e5 15. Qe4 Nc6 16. Bg3 Nf6 17. Qf5 Bd6 18. O-O O-O 19. Qg5 Rab8 20. Bh2 e4 21. Bxd6 Qxd6 22. Nf4 Qe5 23. Qg3 Rfe8 24. Rfe1 Qf5 25. Rb5 b6 26. Nh3 Nb4 27. Ng5 a6 28. Rxb4 cxb4 29. c5 bxc5 30. Qb3 Qd5 31. Qd1 e3 32. fxe3 dxe3 33. Ndf3 Qxd1 34. Rxd1 e2 35. Re1 c4 36. Kf2 c3 37. Rxe2 Rxe2+ 38. Kxe2 a5 39. Kd3 a4 40. Kc2 Nd5 41. Ne4 b3+ 42. axb3 axb3+ 43. Kb1 c2+ 44. Kb2 Nb4 45. Nc5 Na2 46. Nxb3 c1=Q+ 47. Kxa2 Ra8+ 0-1


[Site "https://www.chess.com"]

[Event "Titled Tuesday Blitz October 25 Late 2022"]
[White "Garayev, Kanan"]
[Black "Karas, Marek"]
[WhiteFideId "13406671"]
[BlackFideId "14928558"]
[WhiteElo "2244"]
[BlackElo "2220"]
[Result "1/2-1/2"]
[Round "05"]
[TimeControl "180+1"]
[Date "2022.10.26"]
[WhiteClock "0:02:07"]
[BlackClock "0:02:00"]

1. Nf3 Nf6 2. c4 b6 3. g3 Bb7 4. Bg2 e6 5. O-O Be7 6. b3 O-O 7. Bb2 c5 8. Nc3 d6 9. d4 cxd4 10. Qxd4 a6 11. Rfd1 Nbd7 12. Rac1 Qc7 13. e4 Rac8 14. h3 Ne5 15. Qe3 Nxf3+ 16. Bxf3 Nd7 17. Bg2 Rfe8 18. Rd2 Qc5 19. Qe2 Qc7 20. Qe3 Qc5 21. Qe2 Qc7 22. Qe3 1/2-1/2


[Site "https://www.chess.com"]

[Event "Titled Tuesday Blitz October 25 Late 2022"]
[White "Gardezi, Arsal"]
[Black "Silva Rosas, Natalia"]
[WhiteFideId "30949521"]
[BlackFideId "3000575"]
[WhiteElo "1906"]
[BlackElo "1752"]
[Result "1-0"]
[Round "05"]
[TimeControl "180+1"]
[Date "2022.10.26"]
[WhiteClock "0:00:22"]
[BlackClock "0:00:16"]

1. Nf3 f5 2. d4 Nf6 3. c4 g6 4. Nc3 Bg7 5. Bf4 d6 6. e3 O-O 7. Bd3 Qe8 8. O-O c6 9. e4 fxe4 10. Nxe4 Bg4 11. h3 Nxe4 12. Bxe4 Rxf4 13. hxg4 Rxe4 14. Re1 Rxg4 15. Qe2 e5 16. dxe5 d5 17. cxd5 cxd5 18. e6 Re4 19. Qd3 Qxe6 20. Rxe4 Qxe4 21. Qb3 Nd7 22. Re1 Qc4 23. Qxb7 Qc8 24. Qxd5+ Kh8 25. Ng5 Ne5 26. Rxe5 Qc1+ 27. Kh2 Bxe5+ 28. Qxe5+ Kg8 29. Qd5+ Kg7 30. Ne6+ Kf6 31. Qxa8 Kxe6 32. Qxa7 Qf4+ 33. g3 Qh6+ 34. Kg2 Qg5 35. Qe3+ Qxe3 36. fxe3 Kd5 37. Kf3 h5 38. e4+ Ke5 39. a4 g5 40. a5 g4+ 41. Kg2 Kxe4 42. a6 Kd5 43. a7 h4 44. a8=Q+ Kd4 45. gxh4 g3 46. b3 Kd3 47. Qa4 Kc2 48. Qc4+ Kb2 49. Qd3 Ka3 50. Qb5 Kb2 51. b4 Ka3 52. h5 Ka2 53. h6 Kb1 54. Qe2 Ka1 55. b5 Kb1 56. b6 1-0


[Site "https://www.chess.com"]

[Event "Titled Tuesday Blitz October 25 Late 2022"]
[White "Gedgafov, Chamal"]
[Black "Novik, Maxim"]
[WhiteFideId "34130621"]
[BlackFideId "4102924"]
[WhiteElo "2067"]
[BlackElo "2312"]
[Result "0-1"]
[Round "05"]
[TimeControl "180+1"]
[Date "2022.10.26"]
[WhiteClock "0:01:32"]
[BlackClock "0:01:24"]

1. c4 c5 2. g3 g6 3. Bg2 Bg7 4. Nc3 Nc6 5. Rb1 e6 6. e3 Nge7 7. Nge2 d5 8. cxd5 exd5 9. d4 cxd4 10. Nxd4 Nxd4 11. exd4 O-O 12. O-O Bf5 13. Ra1 Rc8 14. Be3 Qb6 15. Nxd5 Nxd5 16. Bxd5 Rfd8 17. Qf3 Qxb2 18. Bxb7 Rc7 19. Be4 Bxe4 20. Qxe4 Bxd4 21. Bxd4 Qxd4 22. Qxd4 Rxd4 23. Rfd1 Rxd1+ 24. Rxd1 Rc2 25. Ra1 a5 26. a4 Rc4 27. Ra3 g5 28. Kg2 g4 29. h3 h5 30. hxg4 hxg4 31. Kf1 Re4 32. Kg2 Kg7 33. Ra1 f5 34. Ra3 Kf6 35. Ra1 Ke6 36. Ra3 Kd5 37. f3 Re2+ 38. Kf1 Rd2 39. fxg4 fxg4 40. Rb3 Ke4 41. Rb5 Rd5 42. Rxd5 Kxd5 43. Ke2 Kc4 44. Ke3 Kb4 45. Kf4 Kxa4 46. Kxg4 Kb5 47. Kf5 a4 48. g4 a3 49. g5 a2 50. g6 a1=Q 51. Ke6 Qg7 0-1


[Site "https://www.chess.com"]

[Event "Titled Tuesday Blitz October 25 Late 2022"]
[White "Gireman, Ja"]
[Black "Sadhwani, Raunak"]
[WhiteFideId "5043794"]
[BlackFideId "35093487"]
[WhiteElo "2153"]
[BlackElo "2656"]
[Result "0-1"]
[Round "05"]
[TimeControl "180+1"]
[Date "2022.10.26"]
[WhiteClock "0:00:17"]
[BlackClock "0:01:19"]

1. e4 g6 2. d4 d6 3. h4 Nf6 4. Nc3 Bg7 5. Nf3 Bg4 6. Be2 Nc6 7. Be3 e5 8. Qd2 Bxf3 9. Bxf3 exd4 10. Bxd4 Nxd4 11. Qxd4 O-O 12. Qd2 Nd7 13. h5 Re8 14. hxg6 hxg6 15. O-O-O Qf6 16. Rh3 Nb6 17. Qd3 Rad8 18. Rdh1 c6 19. Kb1 Nd7 20. Nd1 Nc5 21. Qc4 b5 22. Qb4 a5 23. Qxa5 Nxe4 24. Bxe4 Rxe4 25. Rf3 Qe7 26. Re3 Rxe3 27. Nxe3 Qf6 28. c3 Re8 29. Rd1 Qxf2 30. Nc2 Qxg2 31. a4 Re2 32. Qd8+ Bf8 33. Rc1 bxa4 34. Qb8 Qe4 35. Qa8 a3 36. Qxa3 Bh6 37. Qa8+ Kg7 0-1


[Site "https://www.chess.com"]

[Event "Titled Tuesday Blitz October 25 Late 2022"]
[White "Gogolev, Artem"]
[Black "Ismayil, Malak"]
[WhiteFideId "4116615"]
[BlackFideId "13412604"]
[WhiteElo "2178"]
[BlackElo "1879"]
[Result "1-0"]
[Round "05"]
[TimeControl "180+1"]
[Date "2022.10.26"]
[WhiteClock "0:00:58"]
[BlackClock "0:00:01"]

1. d4 Nf6 2. c4 g6 3. Nc3 Bg7 4. e4 O-O 5. Nf3 d6 6. Be2 c6 7. O-O Qc7 8. h3 Nbd7 9. Be3 e5 10. d5 Rd8 11. b4 cxd5 12. Nb5 Qb8 13. cxd5 a6 14. Nc3 Nh5 15. Re1 f5 16. Ng5 Ndf6 17. Bxh5 Nxh5 18. exf5 Rf8 19. fxg6 hxg6 20. Ne6 Bxe6 21. dxe6 Qd8 22. Nd5 Re8 23. Rc1 Rc8 24. Qb3 1-0


[Site "https://www.chess.com"]

[Event "Titled Tuesday Blitz October 25 Late 2022"]
[White "Goltsev, Dmitry"]
[Black "Korobov, Anton"]
[WhiteFideId "24176710"]
[BlackFideId "14105730"]
[WhiteElo "2257"]
[BlackElo "2635"]
[Result "1-0"]
[Round "05"]
[TimeControl "180+1"]
[Date "2022.10.26"]
[WhiteClock "0:01:02"]
[BlackClock "0:00:33"]

1. e4 c5 2. Nf3 d6 3. d4 cxd4 4. Nxd4 Nf6 5. Nc3 a6 6. Be2 e6 7. O-O Be7 8. Be3 Qc7 9. f4 O-O 10. Bf3 Nc6 11. a3 Bd7 12. g4 Nxd4 13. Qxd4 Bc6 14. g5 Nd7 15. f5 Ne5 16. Bg2 Rfe8 17. f6 Bf8 18. Bf4 b5 19. h4 Bb7 20. h5 Nc4 21. Qf2 Nxb2 22. Ne2 Nc4 23. Qh4 Rac8 24. Kh1 Ne5 25. g6 gxf6 26. Bxe5 dxe5 27. Rxf6 fxg6 28. hxg6 Re7 29. Raf1 h6 30. Rf7 Rce8 31. Qf6 Qd8 32. Ng3 Rd7 33. Nh5 1-0


[Site "https://www.chess.com"]